AoeStats
← 海恩.塞弗罗

Arena

509574763Analyzed
1v1 RM · 4d ago on Sep 27, 2026· 43m 9s· 2 players
Game mode
Random Map
Map size
Tiny (2 player)
Population
200
Speed
Normal
Resources
Standard
Victory
Conquest
Starting age
Dark Age
Ending age
Imperial Age
RankedLock teamsTeams togetherTeam positionsShared explorationLock speedFull tech treeHidden civsTurbo modeCheats
Victory
Defeat
🇨🇳 Saxons · China
264
+19
🇮🇳 Spanish · India
319
-19
海恩.塞弗罗
10:50 Feudal Age
12:48 Wheelbarrow
13:04 Horse Collar
15:27 Castle Age
14:42 Double-Bit Axe
28:18 Imperial Age
26:42 Scale Mail Armor
26:52 Forging
26:34 Fletching
27:11 Bow Saw
27:03 Heavy Plow
26:55 Gold Mining
26:57 Stone Mining
27:31 Hand Cart
27:04 Town Watch
27:06 Loom
27:33 Gambesons
27:48 Squires
29:00 Gold Shaft Mining
29:03 Iron Casting
28:44 Chain Mail Armor
29:35 Conscription
28:41 Elite Hearth Troop
29:57 Arson
29:41 Shield Wall
33:56 Plate Mail Armor
33:20 Fletching
33:30 Padded Archer Armor
32:53 Elite Varangian Guard
34:28 Thumb Ring
34:51 Ballistics
35:31 Chemistry
34:19 Arrowslits
34:44 Masonry
35:37 Crop Rotation
35:59 Murder Holes
36:04 Bodkin Arrow
36:25 Leather Archer Armor
36:55 Guard Tower
36:41 Elite Varangian Guard
38:04 Guard Tower
37:58 Capped Ram
39:29 Siege Ram
BEGINER_aoe2
7:59 Loom
10:40 Feudal Age
16:31 Castle Age
15:29 Double-Bit Axe
19:48 Fervor
20:13 Squires
20:30 Pikeman
21:58 Horse Collar
26:07 Heavy Plow
26:21 Bow Saw
26:25 Stone Mining
26:51 Fortified Wall
28:07 Ballistics
29:03 Stone Shaft Mining
29:12 Gold Mining
32:25 Imperial Age
32:37 Wheelbarrow
31:42 Elite Skirmisher
33:48 Conscription
34:33 Chemistry
35:14 Hand Cart
34:45 Town Watch
36:34 Two-Man Saw
39:41 Thumb Ring
Connection lost

Rejoining the realm…

Still unreachable

The connection could not be restored.

Session expired

The server has moved on; the page needs a fresh start.